 Dungeon Crawl Stone Soup version 0.17-a0-2098-gf59d6bc (webtiles) character file.

147 4thArraOfDagon the Chopper (level 5, 0/28 HPs)
             Began as a Vine Stalker Berserker on Oct 17, 2015.
             Was a Follower of Trog.
             Slain by a hound (2 damage)
             ... on level 4 of the Dungeon.
             The game lasted 00:01:37 (309 turns).

4thArraOfDagon the Chopper (Vine Stalker Berserker)  Turns: 309, Time: 00:01:37

Health: 0/28       AC:  5    Str: 19    XL:     5   Next: 29%
Magic:  0/6        EV: 11    Int:  7    God:    Trog [*.....]
Gold:   75         SH:  0    Dex: 15    Spells: 0 memorised, 4 levels left

rFire  . . .     SeeInvis .     a - +0 hand axe
rCold  . . .     Clarity  .     e - +0 ring mail
rNeg   . . .     SustAt   .     (no shield)
rPois  .         Gourm    .     (no helmet)
rElec  .         Spirit   +     (no cloak)
rCorr  .         Warding  .     (no gloves)
rMut   .         Stasis   .     (no boots)
MR     .....                    (no amulet)
Stlth  +.........               (no ring)
                                (no ring)

@: lethally poisoned (0 -> -1), exhausted, slowed, very slow, not resistant to
hostile enchantments, very unstealthy
A: fangs 2, regeneration 1, magic shield, antimagic bite, no device heal 3, rot
immunity
a: Burn Spellbooks, Berserk, Renounce Religion


You were on level 4 of the Dungeon.
You worshipped Trog.
Trog was aware of your devotion.
You were very hungry.

You visited 1 branch of the dungeon, and saw 4 of its levels.

You collected 75 gold pieces.

Inventory:

Hand Weapons
 a - a +0 hand axe (weapon)
Armour
 e - a +0 ring mail (worn)
Scrolls
 b - 2 scrolls of remove curse {unknown}
 h - a scroll of identify {unknown}
 i - a scroll of enchant weapon {unknown}
 k - a scroll of teleportation {unknown}
Potions
 f - a potion of curing {unknown}
 j - a potion of haste {unknown}
Comestibles
 c - 2 bread rations
 d - 2 meat rations
 g - 3 chunks of flesh


   Skills:
 + Level 3.3 Fighting
 * Level 4.2 Axes
 + Level 2.6 Armour
 - Level 1.5 Dodging


You had 4 spell levels left.
You didn't know any spells.

Dungeon Overview and Level Annotations

Branches:
Dungeon (4/15)
 Temple: D:4-7

Altars:
Dithmenos


Innate Abilities, Weirdness & Mutations

You have extremely sharp teeth.
Your natural rate of healing is unusually fast.
When hurt, damage is shared between your health and your magic reserves.
Your bite disrupts and absorbs the magic of your enemies.
Potions and wands cannot restore your health.
You are immune to rotting.


Message History

You feel yourself slow down.
You are feeling very hungry.
You feel sick.
An orc wizard comes into view. It is wielding a dagger.
You feel sick.
The orc wizard shouts!
The hound bites you.
* * * LOW HITPOINT WARNING * * *
You can move again.
Unknown command.
Unknown command.
Unknown command.
You feel sick. The hound bites you.
* * * LOW HITPOINT WARNING * * *
Unknown command.
Unknown command.
You feel sick. The hound bites you.
* * * LOW HITPOINT WARNING * * *
The hound bites you.
You die...

### ## #.. .# #.#
.# # #.# .# #.#.#
.# #.#@##.####.#
#.(h..†......
###.....#######
...o.............
..####....#######
#....# #....# #.
###..[.##### #...
#..........#


You could see a hound and an orc wizard.

Vanquished Creatures
  2 hounds (D:4)
  3 worker ants (D:4)
  An adder (D:4)
  A ball python (D:1)
  2 bats
  A giant cockroach (D:2)
  2 hobgoblins
  2 giant newts (D:1)
  2 goblins
16 creatures vanquished.

Notes
Turn   | Place    | Note
--------------------------------------------------------------
     0 | D:1      | 4thArraOfDagon the Vine Stalker Berserker began the quest for the Orb.
     0 | D:1      | Reached XP level 1. HP: 11/11 MP: 2/2
    65 | D:1      | Reached skill level 3 in Axes
   149 | D:2      | Reached XP level 2. HP: 16/16 MP: 3/3
   178 | D:2      | Found a shadowy altar of Dithmenos.
   228 | D:4      | Reached XP level 3. HP: 20/20 MP: 4/4
   230 | D:4      | Reached XP level 4. HP: 24/24 MP: 5/5
   299 | D:4      | Reached skill level 4 in Axes
   299 | D:4      | Reached XP level 5. HP: 28/28 MP: 4/6
   309 | D:4      | Slain by a hound

Vault maps used:
D:1:      minmay_arrival_radiant_lines, serial_bayou_pond_b
D:2:      nicolae_dithmenos_shadow_blocks, ecumenical_altar_2, xom_teletrap_fun,
          uniq_jessica
D:3:      hangedman_decor_clover_reticule, corexii_hall_statues_deadend,
          uniq_terence
D:4:      lemuel_doored_altar, serial_shops, shop_fountains, first_bread,
          trog_wizard

Action                   |  1- 3 |  4- 6 || total
-------------------------+-------+-------++-------
Melee: Hand axe          |    23 |    10 ||    33
Invok: Berserk           |     2 |     1 ||     3
